 Dungeon Crawl Stone Soup version 0.28-a0-793-g31680bbd8b (webtiles) character file.

Game seed: 16223530517849252628

36 ytrimaz the Skirmisher (level 3, 0/29 HPs)
             Began as a Demonspawn Fighter on Nov 4, 2021.
             Slain by an adder (4 damage)
             ... on level 2 of the Dungeon.
             The game lasted 00:01:11 (1278 turns).

ytrimaz the Skirmisher (Demonspawn Fighter)         Turns: 1278, Time: 00:01:12

Health: 0/29       AC:  7    Str: 17    XL:     3   Next: 19%
Magic:  3/3        EV:  9    Int:  9    God:
Gold:   34         SH:  4    Dex: 12    Spells: 2/2 levels left

rFire   . . .      SeeInvis .   a - +0 war axe (vorpal)
rCold   . . .      Faith    .   c - +0 buckler
rNeg    . . .      Spirit   .   b - +1 scale mail
rPois   .          Reflect  .   (no helmet)
rElec   .          Harm     .   (no cloak)
rCorr   .          Rampage  .   (no gloves)
Will    .....                   (no boots)
Stlth   ..........              (no amulet)
HPRegen 0.09/turn               (no ring)
MPRegen 0.08/turn               (no ring)

@: lethally poisoned (0 -> -3)
A: ignite blood 1
a: no special abilities


You were on level 2 of the Dungeon.
You visited 1 branch of the dungeon, and saw 2 of its levels.

You collected 34 gold pieces.

Inventory:

Hand Weapons
 a - a +0 vorpal war axe (weapon)
 g - a +0 whip of electrocution
Armour
 b - a +1 scale mail (worn)
 c - a +0 buckler (worn)
Potions
 d - a potion of might
 h - 2 potions of curing {unknown}


   Skills:
 + Level 3.3 Fighting
 * Level 2.3 Axes
 + Level 2.9 Armour
 * Level 0.9 Dodging
 + Level 2.9 Shields


You had 2 spell levels left.
You didn't know any spells.
Your spell library contained the following spells:

 Spells                   Type           Power      Damage    Failure   Level
 Apportation              Tloc           0%         N/A       83%         1
 Alistair's Intoxication  Tmut/Pois      0%         N/A       100%        5
 Invisibility             Hex            0%         N/A       100%        6


Dungeon Overview and Level Annotations

Branches:
Dungeon (2/15)

Altars:


Innate Abilities, Weirdness & Mutations

Your demonic aura sometimes causes spilled blood to erupt in flames.


Message History

You closely miss the adder. The adder closely misses you.
You block the adder's attack.
You barely miss the adder. The adder bites you but does no damage.
The kobold hits you with a +0 short sword.
The adder barely misses you.
You hit the adder but do no damage. You hit the kobold. The adder bites you.
You are poisoned.
The adder poisons you!
The kobold hits you with a +0 short sword.
As you read the scroll of brand weapon, it crumbles to dust.
Your +0 war axe emits a brilliant flash of light!
a - a +0 vorpal war axe (weapon)
You feel sick. You block the adder's attack.
The kobold hits you but does no damage. You block the adder's attack.
You closely miss the adder. You hit the kobold.
You kill the kobold!
You feel sick. The adder bites you but does no damage.
Unknown command.
You completely miss the adder.
You feel sick. You block the adder's attack. The adder bites you.
You barely miss the adder.
You feel sick.
You are no longer poisoned.
You block the adder's attack. The adder barely misses you.
You miss the adder. The adder barely misses you.
The adder completely misses you.
You closely miss the adder. You block the adder's attack.
The adder bites you but does no damage.
You closely miss the adder. The adder bites you. x2
* * * LOW HITPOINT WARNING * * *
You slash the adder!
The adder is severely wounded.
The adder bites you.
* * * LOW HITPOINT WARNING * * *
You are poisoned.
The adder poisons you!
You closely miss the adder.
The adder is severely wounded.
* * * LOW HITPOINT WARNING * * *
You feel sick. The adder closely misses you. The adder bites you.
You die...

#####
#######...# #
......S...##.#
###@.....#
#...).#$.##
#.<...#..[.
#.......>..
##.†...##.##
#......# #
#.###.....#
#.# .#####
#.#...##


You could see an adder.

Vanquished Creatures
  A gnoll (D:1)
  3 ball pythons
  An endoplasm (D:1)
  4 hobgoblins (D:1)
  2 jackals (D:1)
  A kobold (D:2)
  2 quokkas (D:1)
  4 bats (D:1)
  2 frilled lizards (D:1)
  5 rats (D:1)
25 creatures vanquished.

Notes
Turn   | Place    | Note
-------+----------+-------------------------------------------
     0 | D:1      | ytrimaz the Demonspawn Fighter began the quest for the Orb.
     0 | D:1      | Reached XP level 1. HP: 18/18 MP: 1/1
   153 | D:1      | Gained mutation: Your demonic aura sometimes causes spilled
                  | blood to erupt in flames. [demonic ancestry]
   153 | D:1      | Reached XP level 2. HP: 3/24 MP: 2/2
   499 | D:1      | Reached XP level 3. HP: 10/29 MP: 3/3
  1248 | D:2      | Found a faded altar of an unknown god.
  1278 | D:2      | Slain by an adder

Illustrated notes

Levels and vault maps discovered:
D:1:      nzn_arrival_settlement, layout_basic, st_stairs_3
D:2:      layout_loops_ring, basic_altar,
          shapermc_ecumenical_altar_starsandcircs

Skill      XL: |  1 |
---------------+----+-----
Axes           | 2 |  2.3
Fighting       | |  3.3
Armour         | |  2.9
Dodging        | |  0.9
Shields        | |  2.9

Action                   || total
-------------------------++-------
Melee: War axe           ||    93
  Use: Scroll            ||     3
Armor: Scale mail        ||    56
Dodge: Dodged            ||    57
Block: Buckler           ||    40

Table legend: (Time is in decaauts)
 A = Elapsed time spent in this place.
 B = Non-inter-level travel time spent in this place.
 C = Inter-level travel time spent in this place.
 D = Time resting spent in this place.
 E = Time spent auto-exploring this place.
 F = Levels seen in this place.
 G = Mean time per level.
                   A        B        C        D        E       F      G
               +--------+--------+--------+--------+--------+-----+--------+
         Total |   1315 |   1274 |     41 |    228 |    837 |   2 |  657.5 |
       Dungeon |   1315 |   1274 |     41 |    228 |    837 |   2 |  657.5 |
               +--------+--------+--------+--------+--------+-----+--------+

Top non-repeatable levels by time:
     D:1: 1273 daAuts
     D:2: 42 daAuts
